 Dungeon Crawl Stone Soup version 0.28-a0-863-g8cecda6153 (webtiles) character file.

Game seed: 12615761607298350152

46 bande the Covered (level 3, 23/23 HPs)
             Began as a Gargoyle Fighter on Nov 18, 2021.
             Quit the game on level 2 of the Dungeon.
             The game lasted 00:02:36 (1126 turns).

bande the Covered (Gargoyle Fighter)                Turns: 1126, Time: 00:02:36

Health: 23/23      AC: 10    Str: 22    XL:     3   Next: 68%
Magic:  3/3        EV:  9    Int:  8    God:
Gold:   1252       SH:  4    Dex:  9    Spells: 2/2 levels left

rFire   . . .      SeeInvis .   a - +0 war axe
rCold   . . .      Faith    .   c - +0 buckler
rNeg    + . .      Spirit   .   b - +0 scale mail
rPois   ∞          Reflect  .   (no helmet)
rElec   +          Harm     .   i - scarf {+Inv}
rCorr   .          Rampage  .   (no gloves)
Will    .....                   (no boots)
Stlth   ..........              (no amulet)
HPRegen 0.07/turn               (no ring)
MPRegen 0.08/turn               (no ring)

@: no status effects
A: sickness immunity, AC +3, negative energy resistance 1, electricity
resistance, torment resistance 1, petrification resistance, claws 1, inhibited
regeneration, strong 1
a: Evoke Invisibility


You were on level 2 of the Dungeon.
You visited 1 branch of the dungeon, and saw 2 of its levels.

You collected 1252 gold pieces.

Inventory:

Hand Weapons
 a - a +0 war axe (weapon)
Armour
 b - a +0 scale mail (worn)
 c - a +0 buckler (worn)
 i - a scarf of invisibility (worn)
Scrolls
 f - a scroll of identify
Potions
 d - a potion of might


   Skills:
 + Level 3.6 Fighting
 + Level 2.6 Axes
 + Level 3.7 Armour
 + Level 3.5 Shields
 * Level 0.4 Evocations


You had 2 spell levels left.
You didn't know any spells.
Your spell library was empty.

Dungeon Overview and Level Annotations

Branches:
Dungeon (2/15)

Altars:


Innate Abilities, Weirdness & Mutations

You are immune to sickness and miasma.
Your stone body is resilient. (AC +3)
You are immune to poison.
You resist negative energy. (rN+)
You are resistant to electric shocks. (rElec)
You are resistant to unholy torment.
You are immune to petrification.
You have sharp fingernails.
You do not regenerate when monsters are visible.
Your muscles are strong. (Str +2)


Message History

The bat hits you but does no damage.
You hit the bat but do no damage. The bat completely misses you.
You block the bat's attack.
You miss the bat. You block the bat's attack. The bat closely misses you.
You slash the ball python!
You kill the ball python!
The bat hits you but does no damage. x2
You barely miss the bat. The bat barely misses you. The bat hits you.
You barely miss the bat. The bat barely misses you.
The bat hits you but does no damage.
You miss the bat. You block the bat's attack.
The bat hits you but does no damage.
You barely miss the bat. The bat hits you but does no damage.
You closely miss the bat. The bat hits you but does no damage. x2
You closely miss the bat. The bat hits you but does no damage.
You block the bat's attack.
You slash the bat!
You kill the bat!
No target in view!
No target in view!
No target in view!
No target in view!
No target in view!
No target in view!
No target in view!
As you read the scroll labelled MECIUL BOYFUO, it crumbles to dust.
You hear a loud clanging noise!
It was a scroll of noise.
You hear a bark! x2; You hear a shout! x2; You hear an angry hiss.
You hear a shout!
As you read the scroll labelled KOIGAH IVEONEH, it crumbles to dust.
It is a scroll of amnesia.
You feel forgetful for a moment.
Okay, then.
Okay, then.
Really quaff the potion of mutation?
You feel extremely strange.
You feel stronger.
Your regeneration stops near monsters.
Your fingernails lengthen.
Are you sure you want to abandon this character and quit the game? (Confirm with "yes".)

..........
.........
........ .
...... ...
....#
....####...####
.........†....#
.......@...#
...........#
...........#
.............
#####......###
#......#
########


There were no monsters in sight!

Vanquished Creatures
  A dart slug (D:1)
  2 endoplasms (D:1)
  4 giant cockroaches (D:1)
  A goblin (D:1)
  4 hobgoblins (D:1)
  6 jackals (D:1)
  3 kobolds (D:1)
  2 quokkas (D:1)
  4 ball pythons
  4 bats
  5 frilled lizards (D:1)
  7 rats
43 creatures vanquished.

Notes
Turn   | Place    | Note
-------+----------+-------------------------------------------
     0 | D:1      | bande the Gargoyle Fighter began the quest for the Orb.
     0 | D:1      | Reached XP level 1. HP: 14/14 MP: 1/1
    90 | D:1      | Reached XP level 2. HP: 17/19 MP: 2/2
   628 | D:1      | Reached XP level 3. HP: 23/23 MP: 3/3
  1109 | D:2      | Identified a scroll of acquirement
  1109 | D:2      | Acquired 1200 gold pieces
  1125 | D:2      | Gained mutation: Your muscles are strong. (Str +2) [potion
                  | of mutation]
  1125 | D:2      | Gained mutation: You do not regenerate when monsters are
                  | visible. [potion of mutation]
  1125 | D:2      | Gained mutation: You have sharp fingernails. [potion of
                  | mutation]
  1126 | D:2      | Quit the game

Illustrated notes

Levels and vault maps discovered:
D:1:      lightli_arrival_maybe_door_vault, layout_loops_cross,
          minmay_tromino_v4_b
D:2:      layout_basic, hellmonk_ecumenical_altar_dog_temple, st_stairs_1

Skill      XL: |  1  2 |
---------------+-------+-----
Axes           | 2 |  2.6
Fighting       | |  3.6
Armour         | |  3.7
Shields        | |  3.5
Evocations     | |  0.4

Action                   || total
-------------------------++-------
Melee: War axe           ||   118
  Use: Scroll            ||     5
       Potion            ||     1
Armor: Scale mail        ||    94
Dodge: Dodged            ||    64
Block: Buckler           ||    23

Table legend: (Time is in decaauts)
 A = Elapsed time spent in this place.
 B = Non-inter-level travel time spent in this place.
 C = Inter-level travel time spent in this place.
 D = Time resting spent in this place.
 E = Time spent auto-exploring this place.
 F = Levels seen in this place.
 G = Mean time per level.
                   A        B        C        D        E       F      G
               +--------+--------+--------+--------+--------+-----+--------+
         Total |   1173 |   1158 |     15 |    130 |    734 |   2 |  586.5 |
       Dungeon |   1173 |   1158 |     15 |    130 |    734 |   2 |  586.5 |
               +--------+--------+--------+--------+--------+-----+--------+

Top non-repeatable levels by time:
     D:1: 1148 daAuts
     D:2: 24 daAuts
